 Dungeon Crawl Stone Soup version 0.30-a0-159-g068b764562 (webtiles) character file.

Game seed: 15124452151873292448

122 Flugkiller the Conjurer (level 5, -1/33 (54) HPs)
             Began as an Ogre Reaver on Sept 27, 2022.
             Slain by a gnoll
             ... wielding a +0 whip
              (4 damage)
             ... on level 3 of the Dungeon.
             The game lasted 00:02:23 (2237 turns).

Flugkiller the Conjurer (Ogre Reaver)               Turns: 2237, Time: 00:02:23

HP:   -1/33 (54)    AC:  5    Str: 16    XL:     5   Next: 6%
MP:   14/19         EV:  9    Int: 16    God:
Gold: 136           SH:  5    Dex:  7    Spells: 8/11 levels left

rFire   . . .      SeeInvis .    o - +0 morningstar
rCold   . . .      Faith    .    (no shield)
rNeg    . . .      Spirit   .    h - +2 robe
rPois   .          Reflect  +    (helmet restricted)
rElec   .          Harm     .    (no cloak)
rCorr   .          Rampage  .    (gloves unavailable)
Will    .....                    (boots unavailable)
Stlth   +.........               j - amulet of reflection
HPRegen 0.11/turn                l - ring of magical power
MPRegen 0.16/turn                (no ring)

@: very heavily drained
A: large, unfitting armour, tough skin 1
a: no special abilities


You were on level 3 of the Dungeon.
You visited 1 branch of the dungeon, and saw 3 of its levels.

You collected 136 gold pieces.

Inventory:

Hand Weapons
 a - a +0 mace
 o - a +0 morningstar (weapon)
   (You found it on level 2 of the Dungeon)
Armour
 h - a +2 robe (worn)
   (You took it off Jessica on level 2 of the Dungeon)
Jewellery
 j - an amulet of reflection (around neck)
   (You found it on level 2 of the Dungeon)
 l - a ring of magical power (left hand)
   (You found it on level 2 of the Dungeon)
Scrolls
 b - a scroll of enchant weapon {unknown}
 i - a scroll of immolation
 m - 3 scrolls of vulnerability {unknown}
 p - a scroll of magic mapping {unknown}
 r - 3 scrolls of identify
Potions
 c - 2 potions of attraction {unknown}
 d - 4 potions of brilliance
 f - a potion of berserk rage {unknown}
 g - a potion of flight {unknown}
 k - 2 potions of might {unknown}
 n - a potion of curing {unknown}


   Skills:
 - Level 4.0 Fighting
 - Level 2.6 Maces & Flails
 - Level 1.7 Dodging
 + Level 3.5 Spellcasting
 * Level 4.1 Conjurations


You had 8 spell levels left.
You knew the following spells:

 Your Spells              Type           Power      Damage    Failure   Level
a - Kiss of Death         Conj/Necr      36%        2d8       8%          1
b - Volcanic Tap          Conj/Fire/Erth 14%        3d8       16%         2

Your spell library contained the following spells:

 Spells                   Type           Power      Damage    Failure   Level
 Foxfire                  Conj/Fire      36%        2x1d5     8%          1
 Hailstorm                Conj/Ice       9%         3d4       22%         3
 Fireball                 Conj/Fire      4%         3d4       91%         5
 Starburst                Conj/Fire      4%         6d4       100%        6


Dungeon Overview and Level Annotations

Branches:
Dungeon (3/15) Zot: 15718

Altars:


Innate Abilities, Weirdness & Mutations

You are too large for most types of armour.
You have tough skin. (AC +1)


Message History

A giant cockroach and a hobgoblin come into view.
The hobgoblin shouts!
The hobgoblin hits you but does no damage.
You puncture the hobgoblin!
You kill the hobgoblin!
The giant cockroach closely misses you.
You see here a hobgoblin corpse.
You closely miss the giant cockroach. The giant cockroach barely misses you.
The giant cockroach bites you.
Found 2 gold pieces.
You puncture the giant cockroach!
You kill the giant cockroach!
No target in view!
Things that are here:
a giant cockroach corpse; a hobgoblin corpse You now have 136 gold pieces (gained 2).
Things that are here:
a giant cockroach corpse; a hobgoblin corpse
Found a hand axe.
Done exploring.
Done exploring.
(D) Dungeon
Where to? (Enter - D:2 @ (x,y), ? - help)
There is an escape hatch in the floor here.
Things that are here:
a +0 dagger; 5 stones You see here a +0 mace.
There is a stone staircase leading down here.
You climb downwards.
The gnoll shouts! x3
There is a stone staircase leading up here.
There are monsters nearby!
Unknown command.
There are monsters nearby!
There are monsters nearby!
There are monsters nearby!
A gnoll comes into view. It is wielding a +0 whip.
The gnoll hits you with a +2 vorpal spear!
Casting: Volcanic Tap (safe; 16% risk of failure)
Confirm with . or Enter, or press ? or * to list all spells.
Aiming: Volcanic Tap (safe; 16% risk of failure)
Press: ? - help, Dir - move target, f - gnoll
Aim: a gnoll, wielding a +2 vorpal spear (72% to hit)
The spray of magma hits the gnoll.
You are fixed to the earth.
The gnoll hits you with a +2 vorpal spear!
You closely miss the gnoll.
The gnoll is heavily wounded.
The gnoll misses you.
You closely miss the gnoll.
The gnoll is heavily wounded.
The gnoll hits you with a +0 whip.
The gnoll hits you with a +2 vorpal spear!
You cannot move.
Unknown command.
As you read the scroll labelled MOS DIESMIKKAO, it crumbles to dust.
It is a scroll of identify.
d - 4 potions of brilliance;
r - 3 scrolls of identify The gnoll misses you.
The gnoll barely misses you. x2
Unknown command.
Casting: Volcanic Tap (safe; 16% risk of failure)
Confirm with . or Enter, or press ? or * to list all spells.
Aiming: Kiss of Death (safe; 8% risk of failure)
Press: ? - help, Shift-Dir - straight line, f/p - gnoll
Aim: a gnoll, wielding a +2 vorpal spear (heavily wounded, 100% to hit)
The negative energy hits the gnoll!
The gnoll is drained!
You kill the gnoll!
You feel drained. The gnoll hits you with a +0 whip.
* * * LOW HITPOINT WARNING * * *
You block the gnoll's attack.
Unknown command.
You completely miss the gnoll.
You are no longer bound to the earth.
You block the gnoll's attack. The gnoll hits you with a +0 whip.
* * * LOW HITPOINT WARNING * * *
The gnoll closely misses you. x2; The gnoll hits you with a +0 club.
* * * LOW HITPOINT WARNING * * *
The gnoll barely misses you.
Unknown command.
Casting: Kiss of Death (safe; 8% risk of failure)
Confirm with . or Enter, or press ? or * to list all spells.
Aiming: Kiss of Death (safe; 8% risk of failure)
Press: ? - help, Shift-Dir - straight line, f - gnoll
Aim: a gnoll, wielding a +0 club (100% to hit)
The negative energy hits the gnoll!
The gnoll is drained!
You kill the gnoll!
You feel drained. The gnoll hits you with a +0 whip.
* * * LOW HITPOINT WARNING * * *
You block the gnoll's attack.
Training target 4.0 for Fighting reached!
Your Fighting skill increases to level 4!
You have reached level 5!
Casting: Kiss of Death (safe; 8% risk of failure)
Confirm with . or Enter, or press ? or * to list all spells.
Aiming: Kiss of Death (safe; 8% risk of failure)
Press: ? - help, Shift-Dir - straight line, f - gnoll
Aim: a gnoll, wielding a +0 whip and quivering 2 throwing nets (100% to hit)
The negative energy hits the gnoll.
The gnoll is drained!
The gnoll is heavily wounded.
You feel drained. The gnoll hits you with a +0 whip.
You die...

.. #.# #
.##.# .#
....#+#.#
.......#
#......#
#......#
#)gg...###
#.@.......
#.<....##.
#.#.####
#. .# #.
.# #. .#
#. .# #.
.# #. ..


You could see 2 gnolls.

Vanquished Creatures
  Jessica (D:2)
  2 gnolls (D:3)
  2 adders (D:2)
  A worm (D:2)
  A dart slug (D:1)
  8 ball pythons
  6 bats
  6 endoplasms
  4 giant cockroaches
  5 goblins
  12 hobgoblins
  5 quokkas
  A frilled lizard (D:1)
  2 kobolds
  5 rats
61 creatures vanquished.

Vanquished Creatures (others)
  An adder (D:2)
  A kobold (D:2)
2 creatures vanquished.

Grand Total: 63 creatures vanquished

Notes
Turn   | Place    | Note
-------+----------+-------------------------------------------
     0 | D:1      | Flugkiller the Ogre Reaver began the quest for the Orb.
     0 | D:1      | Reached XP level 1. HP: 22/22 MP: 3/3
    56 | D:1      | Reached XP level 2. HP: 25/29 MP: 5/5
   417 | D:1      | Reached XP level 3. HP: 19/35 MP: 7/7
   947 | D:2      | Found a faded altar of an unknown god.
   947 | D:2      | Noticed Jessica
   971 | D:2      | Killed Jessica
   972 | D:2      | Reached XP level 4. HP: 12/42 MP: 6/8
  1187 | D:2      | Learned a level 2 spell: Volcanic Tap
  2237 | D:3      | Reached XP level 5. HP: 3/41 MP: 10/10
  2237 | D:3      | Slain by a gnoll

Illustrated notes

Levels and vault maps discovered:
D:1:      grunt_arrival_lava_bath, layout_rooms, serial_forest,
          infiniplex_forest_clump_tiny, infiniplex_forest_clump_C,
          infiniplex_forest_lined_2, infiniplex_forest_straight_2,
          infiniplex_forest_end_3
D:2:      minmay_thinvault, layout_rooms, hellmonk_ecumenical_altar_blasted,
          uniq_jessica
D:3:      layout_basic, serial_co_window_serial, co_window_of_opportunity_a,
          co_window_of_opportunity_a, co_window_paths_b,
          co_window_of_opportunity_a, co_window_paths_a, co_window_cross_2,
          co_window_unsneaky_path_b, co_window_cross_2, co_window_corner_cb,
          co_window_unsneaky_path_c, co_window_cross_2, co_window_4corner_a,
          co_window_paths_d, glass_columns_a, glass_columns_b

Skill      XL: |  1  2  3  4 |
---------------+-------------+-----
Fighting       | 3 4 |  4.0
Conjurations   | 3 4 |  4.1
Spellcasting   | 3 |  3.5
Maces & Flails | |  2.6
Dodging        | |  1.7

Action                   |  1- 3 |  4- 6 || total
-------------------------+-------+-------++-------
Melee: Mace              |    85 |    45 ||   130
       Morningstar       |       |    29 ||    29
 Cast: Kiss of Death     |     2 |     3 ||     5
       Volcanic Tap      |       |     6 ||     6
  Use: Scroll            |       |     1 ||     1
Armor: Robe              |    37 |    38 ||    75
Dodge: Dodged            |    64 |    48 ||   112
Block: Other             |       |    12 ||    12

Table legend: (Time is in decaauts)
 A = Elapsed time spent in this place.
 B = Non-inter-level travel time spent in this place.
 C = Inter-level travel time spent in this place.
 D = Time resting spent in this place.
 E = Time spent auto-exploring this place.
 F = Levels seen in this place.
 G = Mean time per level.
                   A        B        C        D        E       F      G
               +--------+--------+--------+--------+--------+-----+--------+
         Total |   2280 |   2175 |    105 |    771 |    930 |   3 |  760.0 |
       Dungeon |   2280 |   2175 |    105 |    771 |    930 |   3 |  760.0 |
               +--------+--------+--------+--------+--------+-----+--------+

Top non-repeatable levels by time:
     D:2: 1312 daAuts
     D:1: 958 daAuts
     D:3: 9 daAuts
